 Dungeon Crawl Stone Soup version 0.29-a0-11-ga75d3d97ab (webtiles) character file.

Game seed: 7135296685621024658

42 enile the Sneak (level 3, -2/34 HPs)
             Began as a Ghoul Delver on Jan 29, 2022.
             Shot with an arrow by a centaur (4 damage)
             ... on level 5 of the Dungeon.
             The game lasted 00:00:54 (359 turns).

enile the Sneak (Ghoul Delver)                       Turns: 359, Time: 00:00:55

Health: -2/34      AC:  3    Str: 17    XL:     3   Next: 56%
Magic:  2/2        EV: 11    Int:  5    God:
Gold:   22         SH:  0    Dex: 10    Spells: 2/2 levels left

rFire   . . .      SeeInvis .     - Unarmed
rCold   + . .      Faith    .   (no shield)
rNeg    + + +      Spirit   .   a - +0 leather armour
rPois   ∞          Reflect  .   (no helmet)
rElec   .          Harm     .   (no cloak)
rCorr   .          Rampage  .   (no gloves)
Will    .....                   (no boots)
Stlth   +++.......              (no amulet)
HPRegen 0.00/turn               (no ring)
MPRegen 0.08/turn               (no ring)

@: inhibited regen
A: claws 1, cold resistance 1, negative energy resistance 3, inhibited
regeneration, torment resistance 2
a: no special abilities


You were on level 5 of the Dungeon.
You visited 1 branch of the dungeon, and saw 1 of its levels.

You collected 22 gold pieces.

Inventory:

Armour
 a - a +0 leather armour (worn)
Jewellery
 g - a +6 ring of dexterity
Wands
 f - a wand of digging (3)
Scrolls
 b - a scroll of fog
 c - a scroll of magic mapping
 d - a scroll of fear
 h - a scroll of holy word {unknown}
Potions
 e - a potion of haste


   Skills:
 + Level 4.4 Fighting
 - Level 2.0 Dodging
 - Level 5.6 Stealth
 - Level 2.5 Unarmed Combat


You had 2 spell levels left.
You didn't know any spells.
Your spell library was empty.

Dungeon Overview and Level Annotations

Branches:
Dungeon (5/15)
 Temple: D:4-7

Altars:


Innate Abilities, Weirdness & Mutations

You thrive by killing the living.
You are immune to poison.
You have sharp fingernails.
Your flesh is cold resistant. (rC+)
You are immune to negative energy. (rN+++)
You do not regenerate when monsters are visible.
You are immune to unholy pain and torment.


Message History

You completely miss the jelly.
The jelly is severely wounded.
You scratch the jelly.
Your claws burn!
The jelly is almost dead.
The jelly misses you.
You scratch the jelly.
Your claws burn!
The jelly is almost dead.
The jelly hits you but does no damage.
You claw the jelly!
You kill the jelly!
Training target 4.0 for Fighting reached!
Your Fighting skill increases to level 4!
You need to enable at least one skill for training.
You have reached level 3!
Your experience leads to an increase in your attributes!
Increase (S)trength, (I)ntelligence, or (D)exterity?
You feel stronger. x2
HP restored.
Found a stone staircase leading up.
You open the large door.
A phantom, a bullfrog skeleton and a centaur come into view.
The centaur shouts!
Found three items.
(D) Dungeon
Where to? (? - help)
There are monsters nearby!
The centaur wields a +0 shortbow.
The centaur shoots an arrow.
The arrow hits you.
The centaur shoots an arrow.
The arrow hits you.
The centaur shoots an arrow.
The arrow closely misses you.
The centaur shoots an arrow.
The arrow hits you!
The centaur shoots an arrow.
The arrow hits you.
The centaur shoots an arrow.
The arrow hits you.
The centaur shoots an arrow.
The arrow closely misses you.
The centaur shoots an arrow.
The arrow hits you!
* * * LOW HITPOINT WARNING * * *
The centaur shoots an arrow.
The arrow hits you.
* * * LOW HITPOINT WARNING * * *
The centaur shoots an arrow.
The arrow hits you.
You die...

#<# #.# #.# #.# ##########
#.# ####### #...##...# #.#
......###...##...##########.#
............>........c.#..#.#
................@#####.#..#.#
.................#####.#..#.#
.................#...#.#..#.#
.................#.#.#.#..#.#
........########.#.#.#.#..#.#
..#..........#.#.#....c...#.#
...............#.#...#.##.#.#
.............#.#.#...#....#.#
........................###.#


You could see a centaur.

Vanquished Creatures
  A jelly (D:5)
  A hound skeleton (D:5)
2 creatures vanquished.

Notes
Turn   | Place    | Note
-------+----------+-------------------------------------------
     0 | D:5      | enile the Ghoul Delver began the quest for the Orb.
     0 | D:5      | Reached XP level 1. HP: 19/19 MP: 0/0
    53 | D:5      | Noticed a jelly
    55 | D:5      | Noticed a scorpion
   103 | D:5      | Reached XP level 2. HP: 22/26 MP: 1/1
   111 | D:5      | Reached XP level 3. HP: 13/34 MP: 2/2
   338 | D:5      | Noticed a phantom
   338 | D:5      | Noticed a centaur
   354 | D:5      | HP: 1/34 [centaur/arrow (6)]
   359 | D:5      | Shot with an arrow by a centaur

Illustrated notes

Levels and vault maps discovered:
D:5:      layout_basic, kennysheep_nub, serial_bayou_ford_a,
          kennysheep_generic_room_5

Skill      XL: |  1  2 |
---------------+-------+-----
Dodging        | 2 |  2.0
Fighting       | 4 |  4.4
Stealth        | |  5.6
Unarmed Combat | |  2.5

Action                   || total
-------------------------++-------
Melee: Unarmed           ||    13
 Stab: Sleeping          ||     1
Armor: Leather armour    ||     4
Dodge: Dodged            ||     8

Table legend: (Time is in decaauts)
 A = Elapsed time spent in this place.
 B = Non-inter-level travel time spent in this place.
 C = Inter-level travel time spent in this place.
 D = Time resting spent in this place.
 E = Time spent auto-exploring this place.
 F = Levels seen in this place.
 G = Mean time per level.
                   A        B        C        D        E       F      G
               +--------+--------+--------+--------+--------+-----+--------+
         Total |    358 |    358 |      0 |      0 |    275 |   1 |  358.0 |
       Dungeon |    358 |    358 |      0 |      0 |    275 |   1 |  358.0 |
               +--------+--------+--------+--------+--------+-----+--------+

Top non-repeatable levels by time:
     D:5: 358 daAuts
